 Dungeon Crawl Stone Soup version 0.23.0-3-gf3c87f2 (webtiles) character file.

Game seed: 14562014759687459536

78 misha the Poker (level 4, 0/34 HPs)
             Began as a Merfolk Gladiator on Feb 23, 2019.
             Slain by a gnoll
             ... wielding a +0 spear
              (4 damage)
             ... on level 2 of the Dungeon.
             The game lasted 00:02:56 (1519 turns).

misha the Poker (Merfolk Gladiator)                 Turns: 1519, Time: 00:02:57

Health: 0/34       AC:  4    Str: 15    XL:     4   Next: 36%
Magic:  4/4        EV: 14    Int:  7    God:
Gold:   37         SH:  0    Dex: 15    Spells: 3/3 levels left

rFire    . . .     SeeInvis .   a - +0 trident
rCold    . . .     Gourm    .   (no shield)
rNeg     . . .     Faith    .   b - +0 leather armour
rPois    .         Spirit   .   c - +0 helmet
rElec    .         Reflect  .   (no cloak)
rCorr    .         Harm     .   (no gloves)
MR       .....                  (no boots)
Stlth    +.........             (no amulet)
HPRegen  0.11/turn              (no ring)
MPRegen  0.09/turn              (no ring)

@: no status effects
A: change form in water, swift swim, stealthy swim
a: no special abilities


You were on level 2 of the Dungeon.
You were not hungry.

You visited 1 branch of the dungeon, and saw 2 of its levels.

You collected 37 gold pieces.

Inventory:

Hand Weapons
 a - a +0 trident (weapon)
Missiles
 d - 3 throwing nets (quivered)
 h - 51 stones
 m - 18 poisoned needles
Armour
 b - a +0 leather armour (worn)
 c - a +0 helmet (worn)
Jewellery
 p - an uncursed ring of magical power
Wands
 s - a wand of acid (13)
Scrolls
 e - a scroll of fear {unknown}
 g - a scroll of remove curse {unknown}
 i - a scroll of immolation {unknown}
 k - a scroll of teleportation {unknown}
 l - 4 scrolls of identify {unknown}
 n - a scroll of fog {unknown}
 q - 2 scrolls of noise {unknown}
 t - a scroll of amnesia {unknown}
Potions
 j - 2 potions of curing {unknown}
 o - a potion of magic {unknown}
 r - a potion of agility {unknown}
Comestibles
 f - 3 rations


   Skills:
 - Level 2.6 Fighting
 + Level 5.7 Polearms
 + Level 2.8 Throwing
 - Level 0.3 Armour
 - Level 4.5 Dodging


You had 3 spell levels left.
You didn't know any spells.
Your spell library was empty.

Dungeon Overview and Level Annotations

Branches:
Dungeon (2/15)

Altars:
Gozag
Okawaru
Qazlal
Ru
Vehumet


Message History

The gnoll hits you from afar with a +0 spear!
You are too injured to fight recklessly!
You are too injured to fight recklessly!
You are too injured to fight recklessly!
The gnoll hits you from afar with a +0 spear.
* * * LOW HITPOINT WARNING * * *
Things that are here:
a +0 club; a +0 flail; a gnoll corpse The gnoll hits you from afar with a +0 spear.
* * * LOW HITPOINT WARNING * * *
You are too injured to fight recklessly!
You are too injured to fight recklessly!
You are too injured to fight recklessly!
You are too injured to fight recklessly!
The gnoll hits you with a +0 spear.
* * * LOW HITPOINT WARNING * * *
You hit the gnoll.
The gnoll is lightly wounded.
The gnoll hits you with a +0 spear.
You die...

.....#....##...#...#..#
#.#..... ....
#^..#.....)..###.####.#.##'#
#.# #.....#.##..##
#........#... #.#
#....#..#..## ####.....#.⌠.
#.# ##..#...#..## #.....#...
#.###...##....## ####..##+#
..).....##...#### #......
.........#......### #......
............###.@g###
####### ...........##
###.).# ...........# ###.#
..........## #..#
............ ##...
.........### ....# .......
##### ######


You could see a gnoll.

Vanquished Creatures
  An adder (D:2)
  2 gnolls (D:2)
  A worm (D:2)
  2 dart slugs (D:1)
  5 bats
  A giant cockroach (D:1)
  8 goblins
  5 hobgoblins
  3 jackals (D:1)
  8 kobolds
  2 frilled lizards (D:1)
  5 rats
43 creatures vanquished.

Notes
Turn   | Place    | Note
-------+----------+-------------------------------------------
     0 | D:1      | misha the Merfolk Gladiator began the quest for the Orb.
     0 | D:1      | Reached XP level 1. HP: 16/16 MP: 1/1
    47 | D:1      | Reached XP level 2. HP: 13/23 MP: 2/2
   629 | D:1      | Reached XP level 3. HP: 28/28 MP: 3/3
   779 | D:1      | Reached skill level 5 in Polearms
  1357 | D:2      | Found a radiant altar of Vehumet.
  1358 | D:2      | Found a sacrificial altar of Ru.
  1360 | D:2      | Found a stormy altar of Qazlal.
  1362 | D:2      | Found an iron altar of Okawaru.
  1363 | D:2      | Found an opulent altar of Gozag.
  1439 | D:2      | Reached XP level 4. HP: 34/34 MP: 4/4
  1519 | D:2      | Slain by a gnoll

Skill      XL: |  1  2  3 |
---------------+----------+-----
Polearms       | 5 |  5.7
Fighting       | |  2.6
Throwing       | |  2.8
Armour         | |  0.3
Dodging        | |  4.5

Action                   |  1- 3 |  4- 6 || total
-------------------------+-------+-------++-------
Melee: Trident           |   139 |     7 ||   146
 Stab: Distracted        |     1 |       ||     1
  Eat: Chunk             |     2 |       ||     2
Armor: Leather armour    |    35 |       ||    35
Dodge: Dodged            |    96 |     1 ||    97
